General information
- name: Asp_ P:| L:4
- type: Custom game
- host: Asp_
- saver: timg5strok
map: TwistedMeadows
- players: 2
- length: 13:11
- speed: Fast
- version: 1.24 W3XP
- replay type: Public
» download(96 KB)
Players
team 1 (winner)
Asp_ (
dark-green | 207 APM | 2724 actions | 13:11)
3 Blademaster
2 Wind Walk
1 Critical Strike
3 Tauren Chieftain
2 Shockwave
1 Endurance Aura
» actions
| Assign group hotkey | 26 | |
| Basic commands | 4 | |
| Build / train | 51 | |
| ESC pressed | 1 | |
| Enter build submenu | 15 | |
| Enter hero's abilities submenu | 7 | |
| Give item / drop item | 2 | |
| Remove unit from queue | 1 | |
| Right click | 1283 | |
| Select / deselect | 170 | |
| Select group hotkey | 1090 | |
| Use ability | 74 | |
2724 total
» units
| Peon | 9 | |
| Grunt | 6 | |
| Raider | 4 | |
| Spirit Walker | 4 | |
23 total
» upgrades
| Berserker Strength | 1 | |
| Ensnare | 1 | |
| Spirit Walker Training | 1 | |
| Pillage | 1 | |
4 total
» buildings
| Altar of Storms | 1 | |
| Orc Burrow | 5 | |
| Barracks | 1 | |
| Voodoo Lounge | 1 | |
| Stronghold | 1 | |
| Beastiary | 1 | |
| Spirit Lodge | 2 | |
| War Mill | 1 | |
13 total
» build order
00:07 Altar of Storms
00:15 Orc Burrow
00:35 Barracks
01:39 Orc Burrow
01:59 Voodoo Lounge
03:05 Stronghold
03:32 Orc Burrow
05:29 Beastiary
05:31 Spirit Lodge
05:43 Spirit Lodge
06:14 Orc Burrow
09:05 Orc Burrow
10:48 War Mill
» items
| Healing Salve | 4 | |
| Scroll of Speed | 2 | |
| Boots of Speed | 2 | |
| Lesser Clarity Potion | 3 | |
11 total
team 2 (loser)
timg5strok (
gray | 165 APM | 2171 actions | 13:11)
2 Demon Hunter
1 Mana Burn
1 Evasion
2 Pandaren Brewmaster
1 Breath of Fire
1 Drunken Haze
» actions
| Assign group hotkey | 24 | |
| Basic commands | 71 | |
| Build / train | 50 | |
| ESC pressed | 2 | |
| Enter build submenu | 13 | |
| Enter hero's abilities submenu | 4 | |
| Give item / drop item | 4 | |
| Right click | 1027 | |
| Select / deselect | 247 | |
| Select group hotkey | 663 | |
| Use ability | 66 | |
2171 total
» units
| Wisp | 15 | |
| Archer | 4 | |
| Dryad | 4 | |
| Druid of the Claw | 7 | |
30 total
» upgrades
| Druid of the Claw Training | 2 | |
| Abolish Magic | 1 | |
3 total
» buildings
| Altar of Elders | 1 | |
| Moon Well | 4 | |
| Ancient of War | 1 | |
| Tree of Ages | 1 | |
| Hunter's Hall | 1 | |
| Ancient of Wonders | 1 | |
| Ancient of Lore | 2 | |
| Tree of Eternity | 1 | |
12 total
» build order
00:06 Altar of Elders
00:17 Moon Well
00:29 Ancient of War
02:04 Moon Well
03:01 Tree of Ages
03:39 Hunter's Hall
03:43 Moon Well
03:47 Ancient of Wonders
05:27 Ancient of Lore
06:26 Ancient of Lore
07:17 Tree of Eternity
07:41 Moon Well
» items
| Dust of Appearance | 1 | |
| Boots of Speed | 1 | |
| Staff of Preservation | 2 | |
| Orb of Venom | 1 | |
| Moonstone | 1 | |
| Scroll of Town Portal | 1 | |
7 total
Chat log
(00:44 / All) timg5strok: noob mistaked
(00:46 / All) timg5strok: mistake
(00:47 / All) timg5strok: damn
(00:50 / All) timg5strok: playin bad tonight
(00:53 / All) Asp_: same here, misplaced building
(03:31 / All) timg5strok: gay game
(07:21 / All) Asp_: do boots stack
(07:25 / All) timg5strok: lmao no
(07:28 / All) Asp_: damnit
(08:41 / All) Asp_: fuck nice
(10:38 / All) Asp_: i will never get that shockwave kill
(13:08 / All) timg5strok: shit i just got back from afk
(13:10 / All) timg5strok: what happened